[ AOE2 MATCH · #506081165 ]
UnrankedByzantines vs Mongols
Player's team · WIN
Rival team · LOSS
[ REPLAY ANALYSIS · EXTRACTED FROM THE RECORDED GAME ]
Feudal
9:18
Castle
26:11
Imperial
—
| APM avg | 47.7 |
| APM peak | 104 |
| eAPM avg | 18.3 |
| Villagers / military | 51 / 41 |
Focus
⚔️ 23.9% · 🌾 76.1%
Archer ×26 · Skirmisher ×15
Feudal
14:03
Castle
—
Imperial
—
| APM avg | 58.0 |
| APM peak | 94 |
| eAPM avg | 23.2 |
| Villagers / military | 55 / 10 |
Focus
⚔️ 31.3% · 🌾 68.7%
Skirmisher ×10
Match map
Initial resources + every placement click. Lines = walls · curves = elevation contours. ◆ gold · ⬟ stone · ● berries · ✦ relic · ◌ wall gap
Your base· Open — 8t gap
Guthrie_Govan's base· Open — unwalled flank
Smoothed initial terrain · ◌ = detected wall gap · hover for details
Inputs per minute
— Mataku - - Guthrie_Govan
Build order — Mataku
First 150 of 154 actions detected
| 0:00 | Create | Villager (Male) |
| 0:01 | Create | Villager (Male) |
| 0:02 | Build | House |
| 0:04 | Build | House |
| 0:15 | Create | Villager (Male) |
| 0:16 | Create | Villager (Male) |
| 0:16 | Create | Villager (Male) |
| 1:24 | Create | Villager (Male) |
| 1:24 | Create | Villager (Male) |
| 1:57 | Build | Lumber Camp |
| 1:58 | Create | Villager (Male) |
| 1:58 | Create | Villager (Male) |
| 2:09 | Create | Villager (Male) |
| 2:09 | Create | Villager (Male) |
| 2:58 | Create | Villager (Male) |
| 2:58 | Create | Villager (Male) |
| 2:59 | Create | Villager (Male) |
| 3:01 | Build | House |
| 3:02 | Build | House |
| 3:43 | Create | Villager (Male) |
| 3:44 | Create | Villager (Male) |
| 3:56 | Create | Villager (Male) |
| 4:32 | Create | Villager (Male) |
| 4:32 | Create | Villager (Male) |
| 4:45 | Build | Mill |
| 5:19 | Create | Villager (Male) |
| 5:19 | Research | Loom |
| 5:41 | Create | Villager (Male) |
| 6:11 | Create | Villager (Male) |
| 6:11 | Research | Loom |
| 6:33 | Build | Palisade Gate |
| 6:35 | Build | Palisade Wall |
| 7:04 | Research | Feudal Age |
| 8:18 | Build | Barracks |
| 8:40 | Build | Palisade Wall |
| 8:44 | Build | Palisade Wall |
| 9:18 | Age | Feudal Age |
| 9:20 | Build | Palisade Wall |
| 9:25 | Build | Archery Range |
| 9:26 | Research | Double-Bit Axe |
| 9:55 | Create | Villager (Male) |
| 9:55 | Create | Villager (Male) |
| 10:12 | Build | Mining Camp |
| 10:26 | Build | House |
| 10:26 | Create | Archer |
| 10:46 | Build | House |
| 11:16 | Build | Town Center |
| 11:26 | Build | Lumber Camp |
| 11:31 | Create | Archer |
| 11:32 | Create | Archer |
| 12:27 | Create | Archer |
| 12:42 | Create | Villager (Male) |
| 12:42 | Create | Villager (Male) |
| 12:42 | Create | Villager (Male) |
| 12:43 | Create | Villager (Male) |
| 13:02 | Create | Archer |
| 13:08 | Create | Villager (Male) |
| 13:08 | Create | Villager (Male) |
| 13:17 | Build | Farm |
| 13:20 | Build | Farm |
| 13:23 | Build | Farm |
| 13:24 | Create | Villager (Male) |
| 13:24 | Create | Villager (Male) |
| 13:33 | Create | Archer |
| 13:36 | Build | Blacksmith |
| 13:53 | Build | House |
| 14:23 | Create | Archer |
| 14:28 | Create | Villager (Male) |
| 14:28 | Create | Villager (Male) |
| 14:38 | Build | Mining Camp |
| 15:01 | Research | Fletching |
| 15:31 | Create | Archer |
| 15:32 | Create | Archer |
| 15:46 | Create | Villager (Male) |
| 15:46 | Create | Villager (Male) |
| 15:46 | Create | Villager (Male) |
| 15:57 | Create | Archer |
| 15:58 | Create | Archer |
| 16:25 | Create | Archer |
| 16:39 | Build | Watch Tower |
| 16:41 | Create | Villager (Male) |
| 16:42 | Create | Villager (Male) |
| 16:42 | Create | Villager (Male) |
| 16:54 | Build | House |
| 17:12 | Build | Lumber Camp |
| 17:15 | Build | Farm |
| 17:16 | Build | Farm |
| 17:29 | Build | House |
| 17:33 | Build | House |
| 17:35 | Build | Palisade Wall |
| 17:47 | Build | Farm |
| 17:48 | Build | Farm |
| 17:58 | Create | Villager (Male) |
| 18:20 | Build | Market |
| 18:24 | Create | Villager (Male) |
| 18:53 | Create | Villager (Male) |
| 18:53 | Create | Villager (Male) |
| 19:14 | Create | Villager (Male) |
| 19:23 | Build | Watch Tower |
| 19:27 | Build | House |
| 19:30 | Create | Archer |
| 19:31 | Create | Archer |
| 19:32 | Create | Villager (Male) |
| 19:32 | Create | Villager (Male) |
| 19:37 | Build | House |
| 19:39 | Build | Palisade Wall |
| 20:20 | Create | Archer |
| 20:20 | Create | Archer |
| 20:27 | Build | Farm |
| 20:41 | Build | Farm |
| 20:43 | Build | Farm |
| 20:45 | Create | Archer |
| 21:25 | Create | Archer |
| 21:34 | Build | Mining Camp |
| 21:39 | Build | Mining Camp |
| 21:44 | Create | Villager (Male) |
| 21:45 | Create | Villager (Male) |
| 21:51 | Create | Archer |
| 22:19 | Create | Archer |
| 22:23 | Build | Archery Range |
| 22:25 | Build | Lumber Camp |
| 22:32 | Create | Archer |
| 22:51 | Create | Villager (Male) |
| 22:51 | Create | Villager (Male) |
| 23:21 | Build | Farm |
| 23:31 | Research | Castle Age |
| 23:39 | Create | Archer |
| 24:06 | Create | Archer |
| 24:06 | Create | Archer |
| 24:07 | Create | Archer |
| 24:09 | Build | House |
| 24:26 | Create | Skirmisher |
| 24:26 | Create | Skirmisher |
| 24:26 | Create | Skirmisher |
| 24:38 | Research | Padded Archer Armor |
| 24:50 | Create | Skirmisher |
| 24:51 | Create | Skirmisher |
| 24:56 | Create | Archer |
| 25:20 | Create | Skirmisher |
| 25:20 | Create | Skirmisher |
| 25:21 | Build | House |
| 25:29 | Create | Skirmisher |
| 25:30 | Create | Skirmisher |
| 25:47 | Create | Skirmisher |
| 25:47 | Create | Skirmisher |
| 25:50 | Build | House |
| 26:02 | Create | Skirmisher |
| 26:03 | Create | Skirmisher |
| 26:11 | Age | Castle Age |
| 26:25 | Build | Town Center |
Build order — Guthrie_Govan
148 actions detected in the replay
| 0:00 | Create | Villager (Male) |
| 0:00 | Create | Villager (Male) |
| 0:01 | Create | Villager (Male) |
| 0:01 | Create | Villager (Male) |
| 0:02 | Build | House |
| 0:03 | Build | House |
| 1:24 | Create | Villager (Male) |
| 1:53 | Create | Villager (Male) |
| 1:54 | Create | Villager (Male) |
| 2:18 | Build | Lumber Camp |
| 2:22 | Create | Villager (Male) |
| 2:43 | Create | Villager (Male) |
| 3:09 | Create | Villager (Male) |
| 3:10 | Create | Villager (Male) |
| 3:30 | Build | House |
| 3:32 | Build | House |
| 3:48 | Create | Villager (Male) |
| 3:59 | Create | Villager (Male) |
| 4:06 | Create | Villager (Male) |
| 4:14 | Create | Villager (Male) |
| 4:39 | Create | Villager (Male) |
| 5:05 | Create | Villager (Male) |
| 5:17 | Create | Villager (Male) |
| 5:49 | Create | Villager (Male) |
| 6:08 | Create | Villager (Male) |
| 6:14 | Research | Loom |
| 6:14 | Research | Loom |
| 6:59 | Create | Villager (Male) |
| 6:59 | Create | Villager (Male) |
| 6:59 | Create | Villager (Male) |
| 7:02 | Build | Mill |
| 7:30 | Build | Town Center |
| 7:32 | Build | Palisade Wall |
| 7:34 | Build | Palisade Wall |
| 7:38 | Build | Palisade Wall |
| 7:40 | Build | Palisade Wall |
| 8:21 | Create | Villager (Male) |
| 8:21 | Create | Villager (Male) |
| 8:21 | Create | Villager (Male) |
| 8:21 | Create | Villager (Male) |
| 8:22 | Create | Villager (Male) |
| 8:22 | Create | Villager (Male) |
| 8:57 | Build | Mill |
| 10:02 | Create | Villager (Male) |
| 10:03 | Create | Villager (Male) |
| 10:06 | Build | House |
| 10:16 | Build | Palisade Wall |
| 10:19 | Build | Palisade Wall |
| 11:08 | Create | Villager (Male) |
| 11:19 | Build | House |
| 11:53 | Research | Feudal Age |
| 11:53 | Research | Feudal Age |
| 12:05 | Build | Mining Camp |
| 12:13 | Build | Palisade Wall |
| 12:21 | Build | Palisade Wall |
| 12:22 | Build | Palisade Wall |
| 12:24 | Build | Palisade Wall |
| 12:26 | Build | Palisade Wall |
| 12:28 | Build | Palisade Wall |
| 12:30 | Build | Palisade Wall |
| 12:31 | Build | Palisade Wall |
| 12:31 | Build | Palisade Wall |
| 13:09 | Build | Barracks |
| 13:16 | Build | Lumber Camp |
| 13:28 | Build | Palisade Wall |
| 13:29 | Build | Palisade Wall |
| 13:31 | Build | Palisade Wall |
| 13:32 | Build | Palisade Wall |
| 14:03 | Age | Feudal Age |
| 14:13 | Build | Watch Tower |
| 14:26 | Build | Watch Tower |
| 14:36 | Build | Gate |
| 14:52 | Create | Villager (Male) |
| 15:07 | Create | Villager (Male) |
| 15:15 | Build | Watch Tower |
| 15:19 | Build | Blacksmith |
| 15:29 | Create | Villager (Male) |
| 15:33 | Build | House |
| 16:08 | Research | Fletching |
| 16:08 | Research | Fletching |
| 16:09 | Create | Villager (Male) |
| 16:20 | Build | Farm |
| 16:21 | Create | Villager (Male) |
| 16:24 | Build | Palisade Wall |
| 16:27 | Build | Watch Tower |
| 16:33 | Create | Villager (Male) |
| 16:36 | Build | Farm |
| 16:40 | Build | Farm |
| 16:44 | Build | Farm |
| 16:45 | Create | Villager (Male) |
| 16:53 | Build | Stone Wall |
| 16:57 | Build | Stone Wall |
| 17:03 | Create | Villager (Male) |
| 17:07 | Create | Villager (Male) |
| 17:29 | Build | Watch Tower |
| 17:29 | Create | Villager (Male) |
| 17:44 | Create | Villager (Male) |
| 18:05 | Build | Stone Wall |
| 18:14 | Create | Villager (Male) |
| 18:20 | Build | Farm |
| 18:40 | Build | Watch Tower |
| 18:42 | Create | Villager (Male) |
| 19:13 | Build | House |
| 19:14 | Build | House |
| 19:17 | Create | Villager (Male) |
| 19:47 | Build | Watch Tower |
| 19:48 | Create | Villager (Male) |
| 19:59 | Build | Watch Tower |
| 20:09 | Build | Farm |
| 20:09 | Build | Farm |
| 20:10 | Build | Farm |
| 20:30 | Build | Outpost |
| 20:32 | Research | Town Watch |
| 20:42 | Build | Watch Tower |
| 20:49 | Create | Villager (Male) |
| 21:03 | Build | Watch Tower |
| 21:15 | Build | Mining Camp |
| 21:28 | Create | Villager (Male) |
| 21:47 | Create | Villager (Male) |
| 21:48 | Build | Farm |
| 21:51 | Build | Archery Range |
| 22:26 | Create | Villager (Male) |
| 22:45 | Build | Watch Tower |
| 22:51 | Create | Skirmisher |
| 22:54 | Build | Archery Range |
| 23:06 | Build | Farm |
| 23:29 | Create | Skirmisher |
| 23:31 | Create | Villager (Male) |
| 23:41 | Build | Watch Tower |
| 24:04 | Create | Villager (Male) |
| 24:08 | Build | House |
| 24:20 | Create | Skirmisher |
| 24:21 | Create | Skirmisher |
| 24:24 | Build | House |
| 24:28 | Build | House |
| 24:34 | Build | Farm |
| 24:36 | Build | Farm |
| 24:37 | Build | Farm |
| 24:49 | Create | Skirmisher |
| 24:50 | Create | Skirmisher |
| 25:05 | Create | Skirmisher |
| 25:05 | Create | Skirmisher |
| 25:39 | Create | Skirmisher |
| 25:39 | Create | Skirmisher |
| 26:14 | Create | Villager (Male) |
| 26:31 | Build | Watch Tower |
| 26:34 | Create | Villager (Male) |
| 26:40 | Build | Watch Tower |
Match timeline
| 6:35 | Mataku · wall_segment Palisade Wall x1 |
| 7:32 | Guthrie_Govan · wall_segment Palisade Wall x1 |
| 7:34 | Guthrie_Govan · wall_segment Palisade Wall x1 |
| 7:38 | Guthrie_Govan · wall_segment Palisade Wall x1 |
| 7:40 | Guthrie_Govan · wall_segment Palisade Wall x1 |
| 8:18 | Mataku · first_building Barracks |
| 8:40 | Mataku · wall_segment Palisade Wall x1 |
| 8:44 | Mataku · wall_segment Palisade Wall x7 |
| 9:18 | Mataku · age_up feudal |
| 9:20 | Mataku · wall_segment Palisade Wall x1 |
| 9:25 | Mataku · first_building Archery Range |
| 10:16 | Guthrie_Govan · wall_segment Palisade Wall x1 |
| 10:19 | Guthrie_Govan · wall_segment Palisade Wall x1 |
| 12:13 | Guthrie_Govan · wall_segment Palisade Wall x1 |
| 12:21 | Guthrie_Govan · wall_segment Palisade Wall x1 |
| 12:22 | Guthrie_Govan · wall_segment Palisade Wall x1 |
| 12:24 | Guthrie_Govan · wall_segment Palisade Wall x1 |
| 12:26 | Guthrie_Govan · wall_segment Palisade Wall x1 |
| 12:28 | Guthrie_Govan · wall_segment Palisade Wall x1 |
| 12:30 | Guthrie_Govan · wall_segment Palisade Wall x1 |
| 12:31 | Guthrie_Govan · wall_segment Palisade Wall x1 |
| 12:31 | Guthrie_Govan · wall_segment Palisade Wall x1 |
| 13:09 | Guthrie_Govan · first_building Barracks |
| 13:28 | Guthrie_Govan · wall_segment Palisade Wall x1 |
| 13:29 | Guthrie_Govan · wall_segment Palisade Wall x1 |
| 13:31 | Guthrie_Govan · wall_segment Palisade Wall x1 |
| 13:32 | Guthrie_Govan · wall_segment Palisade Wall x1 |
| 14:03 | Guthrie_Govan · age_up feudal |
| 16:24 | Guthrie_Govan · wall_segment Palisade Wall x1 |
| 16:53 | Guthrie_Govan · wall_segment Stone Wall x1 |
| 16:57 | Guthrie_Govan · wall_segment Stone Wall x1 |
| 17:35 | Mataku · wall_segment Palisade Wall x1 |
| 18:05 | Guthrie_Govan · wall_segment Stone Wall x1 |
| 19:04 | Mataku · first_market_sell 100 wood |
| 19:06 | Mataku · first_market_buy 100 stone |
| 19:39 | Mataku · wall_segment Palisade Wall x1 |
| 21:51 | Guthrie_Govan · first_building Archery Range |
| 26:11 | Mataku · age_up castle |
| 26:59 | Mataku · first_building Siege Workshop |
| 27:01 | Guthrie_Govan · resign |
[ AI ANALYSIS · 1 CREDIT ]
What really happened in this match?
Wolo.gg analyzes every decision: build order, eco, micro, common mistakes by bracket. Personalized analysis on WhatsApp or Discord in 30 seconds.
Civ guide
Byzantines
Perfil
Mataku